cohdb
Replays
Latest Replays
All Replays
Popular Replays
Top Player Replays
Match Explorer
How It Works
Community
CoH3 Stats
Reddit
Sign in to upload your games and track your stats! →
Sign in with Steam
Match 41769661
Unlisted
Match 41769661
Overview
Messages
Build Orders
End
Construct Barracks
Selects Heavy Weapons
Riflemen Squad
Riflemen Squad
Riflemen Squad
Construct Weapon Support Center
Bazooka Squad
Selects Assault Carriers
Construct Medical Station
M1 Mortar Team
Infantry Support Center
M1 Mortar Team
Construct Motor Pool
Selects M2HB .50cal Heavy Machine Gun
Advanced Logistics
M1 Anti-tank Gun Team
Survival Training
Grenade Package
M1 Anti-tank Gun Team
M24 Chaffee Light Tank
M1918 Browning Automatic Rifles
Riflemen Squad
DibbeTC
Fenix
0
0
Comments
sign in to comment!
No comments posted yet!